 Dungeon Crawl Stone Soup version 0.24-a0-616-ge2a249a6fd (webtiles) character file.

Game seed: 14051000995595137087, levelgen mode: deterministic

202 Riddle the Magician (level 5, 13/24 HPs)
             Began as a Spriggan Venom Mage on Sept 14, 2019.
             Quit the game on level 3 of the Dungeon.
             The game lasted 00:08:18 (3562 turns).

Riddle the Magician (Spriggan Venom Mage)           Turns: 3562, Time: 00:08:18

Health: 13/24      AC:  9    Str:  4    XL:     5   Next: 50%
Magic:  1/12       EV: 19    Int: 18    God:
Gold:   83         SH:  0    Dex: 16    Spells: 10/13 levels left

rFire    . . .     SeeInvis +   p - +2 dagger (protect)
rCold    . . .     Gourm    .   (shield restricted)
rNeg     . . .     Faith    .   a - +0 robe
rPois    .         Spirit   .   (helmet restricted)
rElec    .         Reflect  .   (no cloak)
rCorr    .         Harm     .   (gloves unavailable)
MR       +....                  (boots unavailable)
Stlth    +++.......             (no amulet)
HPRegen  0.08/turn              m - ring of protection from magic
MPRegen  0.13/turn              (no ring)

@: protection aura, very quick
A: very small, unfitting armour, see invisible, herbivore, speed 3, slow
metabolism 2
a: no special abilities


You were on level 3 of the Dungeon.
You were full.

You visited 1 branch of the dungeon, and saw 3 of its levels.

You collected 83 gold pieces.

Inventory:

Hand Weapons
 p - a +2 dagger of protection (weapon)
Armour
 a - a +0 robe (worn)
Jewellery
 m - a ring of protection from magic (left hand)
Wands
 o - a wand of iceblast (5)
Scrolls
 b - 4 scrolls of enchant weapon {unknown}
 c - 3 scrolls of remove curse {unknown}
 d - a scroll of amnesia {unknown}
 f - a scroll of immolation {unknown}
 h - 3 scrolls of identify {unknown}
 i - 2 scrolls of magic mapping {unknown}
 l - a scroll of fear {unknown}
Potions
 g - a potion of degeneration {unknown}
 j - a potion of brilliance {unknown}
 k - 2 potions of invisibility {unknown}
 n - a potion of haste {unknown}
Comestibles
 e - 2 rations


   Skills:
 + Level 4.2 Dodging
 + Level 4.3 Stealth
 * Level 4.6 Spellcasting
 - Level 0.6 Conjurations
 - Level 0.9 Air Magic
 * Level 4.2 Poison Magic


You had 10 spell levels left.
You knew the following spells:

 Your Spells              Type           Power        Failure   Level  Hunger
a - Sting                 Conj/Pois      ##..         4%          1    None
b - Poisonous Vapours     Pois/Air       ##....       7%          2    #......

Your spell library contained the following spells:

 Spells                   Type           Power        Failure   Level  Hunger
 Mephitic Cloud           Conj/Pois/Air  ##......     19%         3    ###....
 Olgreb's Toxic Radiance  Pois           ###.....     24%         4    ####...
 Venom Bolt               Conj/Pois      ##........   80%         5    ######.


Dungeon Overview and Level Annotations

Branches:
Dungeon (3/15)

Altars:


Innate Abilities, Weirdness & Mutations

You are very small and have problems with some larger weapons.
You are too small for most types of armour.
You have supernaturally acute eyesight. (SInv)
You are a herbivore.
You cover ground extremely quickly.
You need to consume almost no food.


Message History

Aim: an ooze (heavily wounded)
The sting hits the ooze.
The ooze is heavily wounded.
The ooze jiggles.
The ooze misses you.
You hit the ooze.
The ooze is almost dead.
The ooze hits you but does no damage.
Casting: Sting (safe; 5% risk of failure)
Confirm with . or Enter, or press ? or * to list all spells.
You don't have enough magic to cast that spell.
You hit the ooze.
You kill the ooze!
Casting: Sting (safe; 4% risk of failure)
Confirm with . or Enter, or press ? or * to list all spells.
You don't have enough magic to cast that spell.
Casting: Sting (safe; 4% risk of failure)
Confirm with . or Enter, or press ? or * to list all spells.
You can't see any susceptible monsters within range! (Use Z to cast anyway.) Are you sure you want to abandon this character and quit the game? (Confirm with "yes".)

#.........(.......# ..
# #.................#
.# ## #..
####............#.##.#
$(# #..
#####'####+#.#.#..#...
. #.. #.# #.#.#....#..
...%.. #.#
#.#....##.###.# ..##
#.####.##.†.#.#.^.# .
###.........##.##...##.
#...####..@.#.#.......#
#.........##.##....r..#
#....###..#$#..........
#.........###..+#......
#...##........#........
+...''........##.....[.
#..)##......### .......
#...##.†....# ......
#...##......# ..###+


There were no monsters in sight!

Vanquished Creatures
  An orc priest (D:3)
  Robin (D:2)
  4 adders
  An ooze (D:3)
  A worm (D:2)
  9 dart slugs
  2 leopard geckos (D:3)
  4 orcs (D:3)
  2 giant cockroaches (D:1)
  18 goblins
  9 hobgoblins
  5 jackals
  2 quokkas (D:2)
  A ball python (D:2)
  7 bats
  6 frilled lizards
  8 kobolds
  12 rats
93 creatures vanquished.

Notes
Turn   | Place    | Note
-------+----------+-------------------------------------------
     0 | D:1      | Riddle the Spriggan Venom Mage began the quest for the Orb.
     0 | D:1      | Reached XP level 1. HP: 9/9 MP: 5/5
   270 | D:1      | Reached XP level 2. HP: 13/13 MP: 0/7
   274 | D:1      | Learned a level 2 spell: Poisonous Vapours
   928 | D:1      | Reached XP level 3. HP: 16/16 MP: 5/8
  1956 | D:2      | Reached XP level 4. HP: 21/21 MP: 7/10
  2256 | D:2      | Noticed Robin
  2278 | D:2      | Killed Robin
  2982 | D:3      | Reached XP level 5. HP: 24/24 MP: 3/12
  3562 | D:3      | Quit the game

Levels and vault maps discovered:
D:1:      co_arrival_hexagon_in_a_hexagon, layout_basic, minmay_tripent
D:2:      layout_loops_cross, first_ration, minmay_hexomino_c4, uniq_robin
D:3:      layout_basic, minmay_vboxes, uniq_ijyb, uniq_natasha

Skill      XL: |  1  2  3  4 |
---------------+-------------+-----
Spellcasting   | 3 4 |  4.6
Dodging        | 4 |  4.2
Stealth        | 4 |  4.3
Poison Magic   | 4 |  4.2
Conjurations   | |  0.6
Air Magic      | |  0.9

Action                   |  1- 3 |  4- 6 || total
-------------------------+-------+-------++-------
Melee: Unarmed           |    10 |     5 ||    15
       Dagger            |       |    21 ||    21
 Cast: Sting             |    58 |   109 ||   167
       Poisonous Vapours |    23 |     6 ||    29
  Eat: Ration            |       |     3 ||     3
Armor: Robe              |     6 |     5 ||    11
Dodge: Dodged            |    41 |    26 ||    67

Table legend:
 A = Non-vault XP
 B = Vault XP
 C = Vault XP percentage of total XP
 D = Non-vault monster count
 E = Vault monster count
 F = Vault count percentage of total count
                 A         B        C        D         E       F
            +---------+---------+-------+---------+---------+-------
      Total |     233 |      56 |  19.4 |      73 |      20 |  21.5
            +---------+---------+-------+---------+---------+-------
        D:1 |      59 |       5 |   7.8 |      26 |       2 |   7.1
        D:2 |      74 |      50 |  40.3 |      26 |      17 |  39.5
        D:3 |     100 |       1 |   1.0 |      21 |       1 |   4.5
            +---------+---------+-------+---------+---------+-------
